 Dungeon Crawl Stone Soup version 0.25-a0-1036-g6f112fb28d (webtiles) character file.

Game seed: 11417039774322781061, levelgen mode: deterministic

207 Maedhros the Sneak (level 5, -15/33 HPs)
             Began as an Octopode Artificer on May 13, 2020.
             Was an Initiate of Cheibriados.
             Demolished by an ice devil (18 damage)
             ... summoned by Xom
             ... in an ossuary.
             The game lasted 00:05:48 (1046 turns).

Maedhros the Sneak (Octopode Artificer)             Turns: 1046, Time: 00:05:48

Health: -15/33     AC:  1    Str: 13    XL:     5   Next: 85%
Magic:  7/7        EV: 15    Int: 14    God:    Cheibriados [......]
Gold:   84         SH:  0    Dex: 14    Spells: 4/4 levels left

rFire    . . .     SeeInvis +   a - +0 short sword
rCold    . . .     Gourm    .   (no shield)
rNeg     . . .     Faith    .   (helmet restricted)
rPois    .         Spirit   .   (no amulet)
rElec    .         Reflect  .   n - +2 ring of evasion
rCorr    .         Harm     .   h - ring of see invisible
MR       .....                  (no ring)
Stlth    +++++.....             (no ring)
HPRegen  0.11/turn              (no ring)
MPRegen  0.10/turn              (no ring)
                                (no ring)
                                (no ring)

@: very slow
A: almost no armour, stealthy swim, amphibious, 8 rings, constrict 8, camouflage
1, gelatinous body 1
a: Bend Time, Renounce Religion


You were in an ossuary.
You worshipped Cheibriados.
Cheibriados was noncommittal.
You were very hungry.

You visited 2 branches of the dungeon, and saw 6 of its levels.
You also visited: Ossuary.

You collected 84 gold pieces.

Inventory:

Hand Weapons
 a - a +0 short sword (weapon)
Missiles
 m - 41 stones (quivered)
Jewellery
 h - a ring of see invisible (right tentacle)
 n - a +2 ring of evasion (left tentacle)
Wands
 b - a wand of flame (13)
 c - a wand of enslavement (6)
 d - a wand of random effects (12)
Scrolls
 k - a scroll of identify {unknown}
 p - a scroll of enchant armour {unknown}
Comestibles
 f - 6 rations


   Skills:
 - Level 1.0 Fighting
 - Level 1.0 Short Blades
 - Level 2.0 Dodging
 - Level 7.8 Stealth
 * Level 1.0 Unarmed Combat
 - Level 3.2 Evocations


You had 4 spell levels left.
You didn't know any spells.
Your spell library contained the following spells:

 Spells                   Type           Power        Failure   Level  Hunger
 Confusing Touch          Hex            #.......     65%         3    ####...
 Gell's Gravitas          Tloc           #.........   65%         3    ####...
 Petrify                  Tmut/Erth      #.......     96%         4    #####..
 Metabolic Englaciation   Hex/Ice        #.........   100%        5    ######.
 Yara's Violent Unravell  Hex/Tmut       #.........   100%        5    ######.


Dungeon Overview and Level Annotations

Branches:
Dungeon (5/15)             Temple (1/1) D:5         Ossuary (1/1)

Altars:
Cheibriados
Dithmenos
Kikubaaqudgha
Makhleb
Okawaru
Ru
Uskayaw
Vehumet
Wu Jian
Xom
Yredelemnul
Zin
The Shining One


Innate Abilities, Weirdness & Mutations

You cannot wear most types of armour.
You are very stealthy in the water. (Stealth+)
You are amphibious.
You can wear up to eight rings at the same time.
You can use your tentacles to constrict eight enemies at once.
Your skin changes colour to match your surroundings (Stealth+).
Your rubbery body absorbs attacks. (AC +1, EV +1)


Message History

The ufetubus hits your iron imp.
Your ufetubus hits the ufetubus.
The ufetubus dies!
The crimson imp blinks!
Your ufetubus hits the ice devil but does no damage.
Your ufetubus barely misses the ice devil.
Your iron imp hits the ice devil!
The ice devil barely misses you.
Unknown command.
You aren't carrying any potions.
Evoke which item? (* to show all) (? for menu, Esc to quit)
Okay, then.
You swap places.
Your ufetubus hits the ice devil but does no damage.
Your ufetubus barely misses the ice devil.
Your ufetubus hits the ice devil but does no damage. x2
The ice devil hits you!
* * * LOW HITPOINT WARNING * * *
The ice devil freezes you!!
Ouch! That really hurt!
You die...
Xom howls with laughter!

+Z..+ #ZM.#
#...# #(((#
#...# #Z..#
#...# #54.#
##@5'##
##.....##
####..5....####
#W▓...∩.∩...▓W#
####.......####
##.....##
##...## ##▓##
#W#


You could see an ice devil (summoned), a wraith, a mummy, a crimson imp
(summoned), 2 orc skeletons, a friendly iron imp (charmed, summoned) and a
friendly ufetubus (charmed, summoned).

Vanquished Creatures
  A scorpion (D:4)
  A crimson imp (D:5)
  Ijyb (D:3)
  2 adders
  A shadow imp (D:5)
  3 worms
  A dart slug (D:1)
  2 leopard geckos
  3 ball pythons
  3 giant cockroaches
  6 goblins
  3 hobgoblins
  2 kobolds
  2 quokkas
  4 bats
  3 frilled lizards
  6 orc skeletons (Ossuary)
  A rat (D:2)
45 creatures vanquished.

Vanquished Creatures (collateral kills)
  A bullfrog skeleton (D:5)
  A howler monkey zombie (D:5)
  A leopard gecko (D:4)
  A frilled lizard (D:5)
  A leopard gecko zombie (D:5)
5 creatures vanquished.

Vanquished Creatures (others)
  A worker ant (D:4)
1 creature vanquished.

Grand Total: 51 creatures vanquished

Notes
Turn   | Place    | Note
-------+----------+-------------------------------------------
     0 | D:1      | Maedhros the Octopode Artificer began the quest for the
                  | Orb.
     0 | D:1      | Reached XP level 1. HP: 13/13 MP: 3/3
    51 | D:1      | Reached skill level 2 in Stealth
    79 | D:1      | Reached skill level 3 in Stealth
    79 | D:1      | Reached XP level 2. HP: 18/18 MP: 4/4
   232 | D:2      | Found a glowing golden altar of the Shining One.
   235 | D:2      | Found a shadowy altar of Dithmenos.
   277 | D:3      | Reached skill level 4 in Stealth
   289 | D:3      | Reached XP level 3. HP: 22/23 MP: 5/5
   290 | D:3      | Noticed Ijyb
   322 | D:3      | Killed Ijyb
   322 | D:3      | Reached skill level 5 in Stealth
   379 | D:3      | Reached XP level 4. HP: 22/28 MP: 6/6
   496 | D:3      | Found a hide-covered altar of Uskayaw.
   578 | D:4      | Reached skill level 6 in Stealth
   603 | D:4      | Reached skill level 7 in Stealth
   603 | D:4      | Reached XP level 5. HP: 14/33 MP: 7/7
   615 | D:5      | Entered Level 5 of the Dungeon
   669 | D:5      | Found a sand-covered staircase.
   735 | D:5      | Noticed a centaur
   755 | D:5      | Found a staircase to the Ecumenical Temple.
   765 | Temple   | Entered the Ecumenical Temple
   780 | Temple   | Became a worshipper of Xom of Chaos
   798 | Temple   | Fell from the grace of Xom
   798 | Temple   | Became a worshipper of Cheibriados the Contemplative
   965 | Ossuary  | Entered an ossuary
   965 | Ossuary  | Noticed a wraith
   965 | Ossuary  | Noticed a wraith
   965 | Ossuary  | Noticed a wraith
  1033 | Ossuary  | Reached skill level 1 in Unarmed Combat
  1036 | Ossuary  | XOM: summons 6 hostile demons
  1037 | Ossuary  | Noticed an ice devil
  1046 | Ossuary  | Demolished by an ice devil

Illustrated notes

Levels and vault maps discovered:
D:1:      mrwooster_arrival_statue_3, layout_loops_cross, minmay_pentomino_o2
D:2:      layout_loops_ring, nicolae_overflow_hidden_temple
D:3:      layout_loops_corners, eat_drink_and_be_merry_uskayaw, first_ration,
          chequers_ecumenical_altar_island, st_stairs_14, solitary_fountain,
          uniq_ijyb, uniq_terence
D:4:      layout_basic
D:5:      layout_cave_pools, kennysheep_mini_moat,
          minmay_temple_entry_junction_2, nicolae_ossuary_entry_giza
Temple:   compressed_dpeg_circular_temple
Ossuary:  ossuary_due_mausoleum

Skill      XL: |  1  2  3  4  5 |
---------------+----------------+-----
Stealth        | 3 4 5 7 |  7.8
Unarmed Combat | 1 |  1.0
Fighting       | |  1.0
Short Blades   | |  1.0
Dodging        | |  2.0
Evocations     | |  3.2

Action                   |  1- 3 |  4- 6 || total
-------------------------+-------+-------++-------
Melee: Short sword       |    51 |    53 ||   104
       Constrict         |     8 |    13 ||    21
       Tentacles         |     6 |     7 ||    13
Throw: Stone             |       |     5 ||     5
Evoke: Wand              |     1 |    13 ||    14
  Use: Potion            |     1 |     8 ||     9
       Scroll            |       |     3 ||     3
 Stab: Sleeping          |    15 |     1 ||    16
Armor: Skin              |     3 |     4 ||     7
Dodge: Dodged            |    26 |    47 ||    73

Table legend:
 A = Non-vault XP
 B = Vault XP
 C = Vault XP percentage of total XP
 D = Non-vault monster count
 E = Vault monster count
 F = Vault count percentage of total count
                 A         B        C        D         E       F
            +---------+---------+-------+---------+---------+-------
      Total |     255 |      41 |  13.9 |      41 |       9 |  18.0
            +---------+---------+-------+---------+---------+-------
        D:1 |      10 |       1 |   9.1 |       4 |       1 |  20.0
        D:2 |      17 |       0 |   0.0 |      10 |       0 |   0.0
        D:3 |      40 |      34 |  45.9 |      13 |       2 |  13.3
        D:4 |      92 |       0 |   0.0 |       5 |       0 |   0.0
        D:5 |      96 |       0 |   0.0 |       9 |       0 |   0.0
    Ossuary |       0 |       6 | 100.0 |       0 |       6 | 100.0
            +---------+---------+-------+---------+---------+-------
